 Dungeon Crawl Stone Soup version 0.31-a0-145-g046c7d2549 (webtiles) character file.

Game seed: 17257007316694643169

45419 givingup the Alchemist (level 14, -3/66 HPs)
             Began as a Felid Summoner on June 5, 2023.
             Was an Initiate of Gozag.
             Drowned by a water elemental (7 damage)
             ... on level 1 of the Shoals.
             The game lasted 02:56:59 (29575 turns).

givingup the Alchemist (Felid Summoner)            Turns: 29575, Time: 02:57:00

Health: -3/66      AC:  3    Str:  9    XL:     14   Next: 1%
Magic:  29/29      EV: 26    Int: 30    God:    Gozag
Gold:   1471       SH:  0    Dex: 17    Spells: 1/33 levels left
                                        Lives:  0   Deaths: 4

rFire   + .          .
                       - Unarmed
rCold   + + +        (shield unavailable)
rNeg    + . .        (body armour unavailable)
rPois   .            (helmet unavailable)
rElec   .            (cloak unavailable)
rCorr   .            (gloves unavailable)
SInv    +            (boots unavailable)
Will    ++...        k - amulet of Ru's Righteous Anger {RegenMP rC+ rN+ Str+2}
Stlth   +++          l - +6 ring of intelligence
HPRegen 0.31/turn    b - ring of Riz Ycwok {rF+ rC+ Str+3 Stlth+}
MPRegen 0.61/turn

%: no passive effects
@: engulfed (cannot breathe), quick
A: very small, claws 1, fangs 3, see invisible, speed 1, shaggy fur 3, stealthy
paws, no weapons or thrown items, no armour, multi-lived
a: Renounce Religion, Potion Petition, Call Merchant, Bribe Branch


You were on level 1 of the Shoals.
You worshipped Gozag.
Gozag was most pleased with you.
You visited 5 branches of the dungeon, and saw 24 of its levels.

You collected 8157 gold pieces.
You spent 3097 gold pieces at shops.
You paid 3589 gold pieces to Gozag.

Inventory:

Hand Weapons
 C - a +0 trident
Jewellery
 b - the ring of Riz Ycwok (right paw) {rF+ rC+ Str+3 Stlth+}
   (You bought it in a shop on level 1 of the Lair of Beasts)

   [ring of protection from fire]

   Str:       It affects your strength (+3).
   rF:        It protects you from fire.
   rC:        It protects you from cold.
   Stlth:     It makes you more stealthy.
 j - a ring of poison resistance
 k - the amulet of Ru's Righteous Anger (around neck) {RegenMP rC+ rN+ Str+2}
   (You bought it in a shop on level 2 of the Orcish Mines)

   [amulet of magic regeneration]

   It increases your rate of magic regeneration.
   Str:       It affects your strength (+2).
   rC:        It protects you from cold.
   rN:        It protects you from negative energy.
 l - a +6 ring of intelligence (left paw)
 D - a ring of wizardry
 E - an amulet of reflection
Wands
 n - a wand of acid (9)
 q - a wand of polymorph (22)
 s - a wand of flame (29)
 v - a wand of iceblast (9)
 z - a wand of charming (16)
 F - a wand of digging (9)
Scrolls
 g - 2 scrolls of immolation
 p - 3 scrolls of noise
 u - 4 scrolls of identify
 y - 2 scrolls of torment
 A - 2 scrolls of vulnerability
 B - 3 scrolls of amnesia
 G - a scroll of fog
 H - a scroll of magic mapping
 I - 4 scrolls of teleportation
Potions
 a - a potion of magic
 d - 6 potions of enlightenment
 e - 2 potions of heal wounds
 f - 4 potions of brilliance
 i - 4 potions of curing
 m - 3 potions of haste
 o - 2 potions of mutation
 r - a potion of attraction
 t - a potion of berserk rage
 w - 3 potions of cancellation
 x - a potion of invisibility
 L - a potion of might
Miscellaneous
 c - a lightning rod (4/4)
 h - a condenser vane
 J - a sack of spiders


   Skills:
 + Level 10.1 Fighting
 + Level 13.4 Dodging
 - Level 3.0 Stealth
 + Level 5.3 Unarmed Combat
 - Level 10.0 Spellcasting
 - Level 4.0 Hexes
 - Level 10.0 Summonings
 + Level 6.9 Translocations
 + Level 16.1 Transmutations
 + Level 12.0 Air Magic
 - Level 1.1 Earth Magic


You had one spell level left.
You knew the following spells:

 Your Spells              Type           Power      Damage    Failure   Level
a - Summon Small Mammal   Summ           100%       N/A       1%          1
b - Statue Form           Tmut/Erth      40%        N/A       16%         6
c - Call Canine Familiar  Summ           66%        N/A       1%          3
m - Manifold Assault      Tloc           54%        N/A       1%          4
s - Storm Form            Tmut/Air       39%        N/A       10%         7
w - Wereblood             Tmut           84%        N/A       0%          2
z - Summon Lightning Spi  Summ/Air       69%        N/A       1%          4
G - Summon Guardian Gole  Hex/Summ       54%        N/A       1%          3
I - Call Imp              Summ           100%       N/A       1%          2

Your spell library contained the following spells:

 Spells                   Type           Power      Damage    Failure   Level
 Beastly Appendage        Tmut           100%       N/A       0%          1
 Apportation              Tloc           100%       N/A       1%          1
 Magic Dart               Conj           60%        1d6       3%          1
 Necrotise                Necr           60%        1d7       3%          1
 Blink                    Tloc           100%       N/A       1%          2
 Cigotuvi's Dreadful Rot  Necr/Pois/Air  78%        N/A       1%          2
 Lesser Beckoning         Tloc           100%       N/A       1%          2
 Momentum Strike          Conj/Tloc      70%        3d9       1%          2
 Passwall                 Tmut/Erth      50%        N/A       1%          2
 Poisonous Vapours        Pois/Air       100%       N/A       1%          2
 Gell's Gravitas          Tloc           54%        N/A       1%          3
 Ignite Poison            Fire/Tmut/Pois 47%        N/A       1%          3
 Mephitic Cloud           Conj/Pois/Air  39%        N/A       1%          3
 Spider Form              Tmut/Pois      59%        N/A       1%          3
 Swiftness                Air            72%        N/A       1%          3
 Teleport Other           Tloc           54%        N/A       1%          3
 Petrify                  Tmut/Erth      61%        N/A       1%          4
 Ensorcelled Hibernation  Hex/Ice        54%        N/A       2%          2
 Searing Ray              Conj           30%        2d5       5%          2
 Vampiric Draining        Necr           15%        2d7       11%         3
 Fulminant Prism          Conj/Hex       13%        3d8       16%         4
 Freezing Cloud           Conj/Ice/Air   19%        6-21      19%         5
 Dispersal                Tloc           27%        N/A       30%         6
 Metabolic Englaciation   Hex/Ice        13%        N/A       38%         5
 Agony                    Necr           15%        N/A       67%         5
 Maxwell's Capacitive Co  Air            36%        ∞         86%         8
 Disjunction              Tloc           27%        N/A       100%        8


Dungeon Overview and Level Annotations

Branches:
Dungeon (15/15)            Temple (1/1) D:6            Lair (5/5) D:11
 Shoals (1/4) Lair:3       Spider (0/4) Lair:3        Slime (0/5) Lair:4
    Orc (2/2) D:12            Elf (0/3) Orc:2        Vaults (0/5) D:13
 Depths: D:15

Altars:
Ashenzari
Cheibriados
Dithmenos
Elyvilon
Fedhas
Gozag
Hepliaklqana
Kikubaaqudgha
Makhleb
Nemelex Xobeh
Okawaru
Qazlal
Ru
Sif Muna
Trog
Uskayaw
Vehumet
Wu Jian
Xom
Yredelemnul
Zin
The Shining One
Lugonu

Shops:
D:9 =   D:10 ?   Orc:2 :?(:=(   Lair:1 =   Lair:3 !!   Lair:5 :

Portals:
Abyss: Lair:5

Annotations:
D:15 !not finished, shining eye
Lair:4 2 transporters, exclusion: downstairs
Shoals:1 Roxanne


Innate Abilities, Weirdness & Mutations

You have sharp claws.
You have razor-sharp teeth.
You have supernaturally acute eyesight. (SInv)
You cover ground quickly. (Speed+)
Your thick and shaggy fur keeps you warm. (AC +3, rC+)
Your paws help you pounce on unaware monsters.
You are incapable of wielding weapons or throwing items.
You cannot wear armour.
You gain extra lives every three experience levels.


Message History

The snapping turtle is lightly wounded.
Your lungs strain for air!
The water elemental misses you.
The snapping turtle completely misses you.
You scratch the snapping turtle but do no damage.
The snapping turtle is lightly wounded.
Your lungs strain for air!
The water elemental misses you. The snapping turtle bites you!!
You are too injured to fight recklessly!
You are too injured to fight recklessly!
You are too injured to fight recklessly!
You are too injured to fight recklessly!
You are too injured to fight recklessly!
You are too injured to fight recklessly!
You are too injured to fight recklessly!
You are too injured to fight recklessly!
You are too injured to fight recklessly!
You barely miss the snapping turtle.
The snapping turtle is lightly wounded.
* * * LOW HITPOINT WARNING * * *
Your lungs strain for air!
The water elemental completely misses you.
The snapping turtle barely misses you.
You scratch the snapping turtle but do no damage.
The snapping turtle is lightly wounded.
* * * LOW HITPOINT WARNING * * *
Your lungs strain for air!
The water elemental hits you.
* * * LOW HITPOINT WARNING * * *
You scratch the snapping turtle but do no damage.
You bite the snapping turtle, but do no damage.
The snapping turtle is lightly wounded.
* * * LOW HITPOINT WARNING * * *
Your lungs strain for air!
The snapping turtle misses you. The water elemental closely misses you.
You scratch the snapping turtle but do no damage.
You bite the snapping turtle, but do no damage.
The snapping turtle is lightly wounded.
You die...
Your body crumbles into a pile of gold.

≈≈~~.. ~ ~~~~≈~~~..
.~ ~~~~~~~~.. ...
≈~~~~~~~.#### ....
≈≈≈≈~~~~....##.....
≈≈≈~~~~.......~....
~≈~~~~$..?...~~.##
~~~~~~~...~..~~..#
~~~~~~~@..~..~~...#
~~~~~~t~E~P~..~~~..
~~.......~P~~.~P~~~
~....~~~~~~≈~~P~~~~
..###.##.~≈≈~~~~~~~
. #. ##~~P~~~~~~~
.. .P~~~~~~~. ...
~~≈≈~~~~~


You could see a snapping turtle and a water elemental.

Vanquished Creatures
  Gastronok (Orc:1)
  6 ogre magi
  A catoblepas (D:15)
  5 centaur warriors
  A tengu warrior (D:15)
  A boulder beetle (D:14)
  3 thrashing horrors (Lair:5)
  6 orc sorcerers (Orc:2)
  An orc knight (D:15)
  An ugly thing (Lair:5)
  3 cyclopes (D:15)
  2 manticores
  A black mamba (Lair:5)
  A cane toad (Lair:5)
  2 unseen horrors
  A freezing wraith (D:15)
  An ancient zyme (Lair:5)
  A blink frog (Lair:5)
  12 slime creatures
  4 small abominations (Lair:5)
  2 wraiths
  3 ynoxinuls (Lair:5)
  2 vampires
  Eustachio (D:4)
  A hog (shapeshifter) (D:15)
  A large abomination (Lair:5)
  2 wargs (Orc:1)
  6 orc warriors
  An ogre (D:15)
  5 centaurs (D:15)
  A bullfrog (Lair:1)
  A kobold brigand (D:13)
  3 electric eels
  A howler monkey (D:14)
  10 orc priests
  11 orc wizards
  A shadow imp (D:5)
  18 orcs
  A giant cockroach (D:4)
  A jackal (D:1)
  2 rats
128 creatures vanquished.

Vanquished Creatures (collateral kills)
  Saint Roka (Orc:2)
  The ghost of Lolow the Severer, a journeyman MiBe of Trog (Orc:1)
  Erolcha (Orc:2)
  2 hydras
  11 two-headed ogres (D:15)
  2 death yaks
  A tengu warrior (D:14)
  Sonja (D:11)
  A thrashing horror (Lair:5)
  2 skysharks (Lair:5)
  A fire crab (Lair:5)
  Amaemon (Lair:3)
  A glowing orange brain (D:15)
  An orc knight (D:15)
  A harpy (Lair:3)
  2 orc sorcerers (Orc:2)
  3 cyclopes
  Maurice (D:12)
  An orange demon (Lair:3)
  8 elephants
  2 black mambas
  7 cane toads
  A kobold demonologist (D:13)
  A tengu conjurer (D:14)
  3 komodo dragons
  A yaktaur (shapeshifter) (D:13)
  5 rime drakes
  A polar bear (Lair:3)
  A meliai (Lair:3)
  2 trolls
  A hornet (Lair:3)
  Prince Ribbit (D:7)
  14 blink frogs
  A vampire (D:14)
  4 wyverns
  8 slime creatures
  2 shadows
  18 yaks
  5 wraiths
  A ynoxinul (Lair:5)
  A yak (shapeshifter) (D:15)
  3 vampire mosquitoes (D:13)
  4 basilisks
  A steam dragon (D:7)
  2 chaos spawn (Lair:5)
  6 wargs
  Menkaure (D:7)
  4 small abominations (Lair:5)
  2 acid dragons
  12 water moccasins
  2 sky beasts (D:8)
  16 orc warriors
  5 ogres
  17 wolves
  4 centaurs
  2 phantoms
  5 kobold brigands
  9 bullfrogs
  A gnoll sergeant (D:13)
  7 wights
  7 killer bees
  2 lava snakes (D:9)
  4 howler monkeys
  4 hounds
  16 orc priests
  2 gnoll boudas
  2 jellies
  Crazy Yiuf (D:2)
  2 sleepcaps
  Natasha (thrice) (D:2)
  4 hell rats (Lair:5)
  28 orc wizards
  13 gnolls
  18 adders
  11 river rats (Lair:5)
  An ufetubus (D:7)
  2 worms (D:2)
  4 dart slugs
  68 orcs
  6 ball pythons
  9 endoplasms
  3 giant cockroaches
  5 goblins
  9 hobgoblins
  4 jackals
  16 kobolds
  6 quokkas
  2 bats (D:2)
  A frilled lizard (D:3)
  6 rats
485 creatures vanquished.

Vanquished Creatures (others)
  Josephine (Orc:2)
  3 hydras
  A vault guard (D:13)
  9 two-headed ogres
  2 boulder beetles
  2 death yaks (Lair:5)
  A skyshark (Lair:4)
  2 wolf spiders (Lair:3)
  An orc knight (Orc:1)
  A deep elf pyromancer (D:12)
  An ugly thing (D:13)
  3 elephants
  2 black mambas
  3 gargoyles
  A torpor snail (Lair:2)
  3 cane toads
  2 komodo dragons
  A kobold demonologist (D:13)
  2 trolls
  2 polar bears (Lair:5)
  A hornet (D:10)
  2 blink frogs
  3 slime creatures (D:12)
  A spriggan (Lair:5)
  4 basilisks
  19 yaks
  9 orc warriors
  An ice beast (D:5)
  3 black bears
  3 wolves
  5 ogres
  A kobold brigand (D:10)
  A gnoll sergeant (D:10)
  3 bullfrogs
  6 wights
  A small abomination (Lair:5)
  A howler monkey (D:13)
  A jelly (D:8)
  A hound (D:6)
  2 hell rats (Lair:5)
  2 iguanas (D:6)
  2 orcs
  A jackal (D:4)
  4 kobolds (D:10)
120 creatures vanquished.

Grand Total: 733 creatures vanquished

Notes
Turn   | Place    | Note
-------+----------+-------------------------------------------
     0 | D:1      | givingup the Felid Summoner began the quest for the Orb.
     0 | D:1      | Reached XP level 1. HP: 7/7 MP: 4/4
   114 | D:1      | Reached XP level 2. HP: 11/11 MP: 3/6
   133 | D:1      | Learned a level 2 spell: Call Imp
   377 | D:1      | Reached XP level 3. HP: 14/14 MP: 7/7
   424 | D:1      | Learned a level 3 spell: Call Canine Familiar
   805 | D:2      | Noticed Natasha
   924 | D:2      | Reached XP level 4. HP: 18/18 MP: 9/9
   928 | D:2      | Learned a level 3 spell: Summon Guardian Golem
   972 | D:2      | Reached skill level 5 in Summonings
  1076 | D:2      | Found a runed translucent door.
  1077 | D:2      | Noticed Crazy Yiuf
  1305 | D:2      | Killed Crazy Yiuf
  1306 | D:2      | Reached skill level 1 in Hexes
  1391 | D:2      | Killed Natasha
  1392 | D:2      | Reached XP level 5. HP: 21/21 MP: 11/11
  1522 | D:2      | Noticed Natasha
  1533 | D:2      | Killed Natasha
  1655 | D:2      | Noticed Natasha
  1664 | D:2      | Killed Natasha
  1746 | D:3      | Identified a scroll of acquirement
  1829 | D:3      | Found a blossoming altar of Fedhas.
  2213 | D:3      | Found a shimmering blue altar of Sif Muna.
  2443 | D:4      | Noticed Eustachio
  2509 | D:4      | Noticed a black bear
  2534 | D:4      | Killed a black bear
  2535 | D:4      | Gained mutation: You are covered in thick fur. (AC +2)
                  | [Felid growth]
  2535 | D:4      | Reached XP level 6. HP: 24/24 MP: 11/13
  2777 | D:4      | Found a sacrificial altar of Ru.
  3169 | D:4      | Reached XP level 7. HP: 27/27 MP: 13/15
  3570 | D:5      | Entered Level 5 of the Dungeon
  3650 | D:5      | Reached skill level 5 in Spellcasting
  3935 | D:5      | Found a glowing golden altar of the Shining One.
  3941 | D:5      | Learned a level 4 spell: Summon Lightning Spire
  3982 | D:5      | Reached skill level 1 in Air Magic
  4134 | D:5      | Reached XP level 8. HP: 31/31 MP: 17/17
  4363 | D:6      | Noticed a boulder beetle
  4854 | D:6      | Killed a boulder beetle
  4855 | D:6      | Reached skill level 5 in Air Magic
  5168 | D:6      | Reached XP level 9. HP: 34/34 MP: 18/18
  5183 | D:6      | Found a staircase to the Ecumenical Temple.
  5192 | Temple   | Entered the Ecumenical Temple
  5654 | D:7      | Noticed Prince Ribbit
  5656 | D:7      | Noticed Menkaure
  5942 | D:7      | Killed Prince Ribbit
  5943 | D:7      | Reached skill level 1 in Fighting
  6006 | D:7      | Killed Menkaure
  6517 | D:7      | Noticed an unseen horror
  6723 | D:7      | Slain by an unseen horror
  6724 | D:7      | Reached XP level 8. HP: -2/34 MP: 18/18
  6886 | D:7      | Reached skill level 5 in Dodging
  6917 | D:8      | Found a shadowy altar of Dithmenos.
  7029 | D:8      | Reached XP level 9. HP: 37/37 MP: 19/19
  7304 | D:8      | Found an opulent altar of Gozag.
  7304 | D:8      | Found a sparkling altar of Nemelex Xobeh.
  7597 | D:8      | Became a worshipper of Gozag Ym Sagoz the Greedy
  8019 | D:9      | Found Qiuvedd's Jewellery Emporium.
  8447 | D:9      | Noticed a troll
  8458 | D:9      | Killed a troll
  8551 | D:9      | Found a glowing silver altar of Zin.
  8660 | D:9      | Found a hide-covered altar of Uskayaw.
  8736 | D:10     | Entered Level 10 of the Dungeon
  8805 | D:10     | Reached XP level 10. HP: 43/43 MP: 21/21
  8954 | D:10     | Reached skill level 1 in Transmutations
  9101 | D:10     | Found a radiant altar of Vehumet.
  9169 | D:10     | Noticed a two-headed ogre
  9202 | D:10     | Killed a two-headed ogre
  9203 | D:10     | Reached skill level 5 in Fighting
  9203 | D:10     | Reached skill level 10 in Summonings
  9203 | D:10     | Reached skill level 2 in Transmutations
  9427 | D:10     | Found Sutzetox's Magic Scroll Boutique.
  9441 | D:10     | Bought a scroll of identify for 28 gold pieces
  9441 | D:10     | Bought a scroll of identify for 28 gold pieces
  9441 | D:10     | Bought a scroll of identify for 28 gold pieces
  9441 | D:10     | Bought a scroll of identify for 28 gold pieces
  9478 | D:9      | Bought a +6 ring of intelligence for 468 gold pieces
  9542 | D:10     | Reached skill level 3 in Transmutations
  9585 | D:10     | Found a broken altar of Ashenzari.
  9587 | D:10     | Found an iron altar of Okawaru.
  9923 | D:11     | Found a frozen archway.
  9995 | D:11     | Reached skill level 4 in Transmutations
 10023 | D:11     | Noticed a two-headed ogre
 10030 | D:11     | Killed a two-headed ogre
 10036 | D:11     | Reached skill level 5 in Transmutations
 10094 | D:11     | Noticed Sonja
 10323 | D:11     | Reached XP level 11. HP: 48/48 MP: 23/23
 10410 | D:11     | Found a staircase to the Lair.
 10952 | Lair:1   | Entered Level 1 of the Lair of Beasts
 10972 | Lair:1   | Reached skill level 6 in Transmutations
 11104 | Lair:1   | Acquired 1020 gold pieces
 11107 | Lair:1   | Bought the ring of Riz Ycwok {rF+ rC+ Str+3 Stlth+} for 625
                  | gold pieces
 11500 | Lair:1   | You fall into a shaft and drop 1 floor!
 11559 | Lair:1   | Reached skill level 7 in Transmutations
 12004 | Lair:2   | Got the Atlas of the Cumulonimbus
 12047 | Lair:2   | Noticed a death yak
 12072 | Lair:2   | Reached skill level 8 in Transmutations
 12088 | Lair:2   | Killed a death yak
 12231 | Lair:2   | Reached skill level 10 in Dodging
 12503 | Lair:2   | Gained mutation: Your thick and shaggy fur keeps you warm.
                  | (AC +3, rC+) [Felid growth]
 12503 | Lair:2   | Reached XP level 12. HP: 54/54 MP: 20/25
 12561 | Lair:2   | Reached skill level 9 in Transmutations
 13079 | Lair:3   | Learned a level 6 spell: Statue Form
 13233 | Lair:3   | Reached skill level 1 in Earth Magic
 13296 | Lair:3   | Acquired a book of the Sky
 13306 | Lair:3   | Learned a level 7 spell: Storm Form
 13352 | Lair:3   | HP: 2/55 [meliai/+0 hand axe (15)]
 13352 | Lair:3   | Killed from afar by a meliai
 13353 | Lair:3   | Reached XP level 11. HP: -12/51 MP: 22/25
 13355 | Lair:3   | Noticed a wolf spider
 13366 | Lair:3   | Killed a wolf spider
 13597 | Lair:3   | Noticed a wolf spider
 13609 | Lair:3   | Killed a wolf spider
 13770 | Lair:3   | Reached skill level 10 in Transmutations
 13854 | Lair:3   | Identified the amulet "Dosai" {rC+ Regen+ Stlth+}
 13962 | Lair:3   | Noticed Amaemon
 14125 | Lair:3   | Found a staircase to the Shoals.
 14126 | Lair:3   | Noticed a harpy
 14152 | Lair:3   | Killed a harpy
 14171 | Lair:3   | Found a hole to the Spider Nest.
 14339 | Lair:3   | Killed Amaemon
 14340 | Lair:3   | Reached XP level 12. HP: 47/56 MP: 26/26
 14440 | Lair:4   | Found a transporter.
 14545 | Lair:4   | Found a staircase to the Slime Pits.
 14581 | Lair:4   | Noticed a five-headed hydra
 14598 | Lair:4   | Killed a five-headed hydra
 14660 | Lair:4   | Noticed a seven-headed hydra
 14702 | Lair:4   | Noticed a five-headed hydra
 14716 | Lair:4   | Killed a five-headed hydra
 14717 | Lair:4   | Reached skill level 11 in Transmutations
 14904 | Lair:4   | Noticed a boulder beetle
 15229 | Lair:4   | Killed a seven-headed hydra
 15636 | Lair:4   | Found a transporter.
 15727 | Lair:4   | Killed a boulder beetle
 15728 | Lair:4   | Reached skill level 10 in Spellcasting
 15826 | Lair:4   | Found a transporter.
 15892 | Lair:4   | Found a transporter.
 16171 | Lair:4   | Found a staircase to the Slime Pits.
 16335 | Lair:5   | Entered Level 5 of the Lair of Beasts
 16453 | Lair:5   | Noticed a seven-headed hydra
 16467 | Lair:5   | Killed a seven-headed hydra
 16960 | Lair:5   | Identified the +3 ring mail of Valiance {Harm Dex+3 Slay+3}
 17000 | Lair:5   | Reached skill level 12 in Transmutations
 17389 | Lair:5   | Reached XP level 13. HP: 60/60 MP: 22/28
 18530 | D:12     | Found an opulent altar of Gozag.
 18921 | D:12     | Noticed Maurice
 19026 | D:12     | Reached skill level 13 in Transmutations
 19134 | D:12     | Killed Maurice
 19977 | D:12     | Found a staircase to the Orcish Mines.
 20286 | Orc:1    | Entered Level 1 of the Orcish Mines
 20342 | Orc:1    | You fall into a shaft and drop 1 floor!
 20342 | Orc:2    | Entered Level 2 of the Orcish Mines
 20342 | Orc:2    | Noticed Josephine
 20347 | Orc:2    | Noticed Saint Roka
 20352 | Orc:2    | Found Debumn's Antique Weapon Shoppe.
 20591 | Orc:1    | Found a bloodstained altar of Trog.
 20665 | Orc:1    | Found a large runed translucent door.
 20680 | Orc:1    | Noticed Lolow's ghost (journeyman MiBe)
 20711 | Orc:1    | Noticed Gastronok
 20732 | Orc:1    | Killed from afar by Gastronok
 20733 | Orc:1    | Reached XP level 12. HP: -9/58 MP: 27/27
 20833 | D:10     | Bought a scroll of silence for 133 gold pieces
 21061 | Orc:1    | Killed Gastronok
 21247 | Orc:1    | Found a large runed translucent door.
 21464 | Orc:1    | Killed Lolow's ghost
 21558 | Orc:2    | Reached skill level 10 in Fighting
 21634 | Orc:2    | Found a staircase to the Elven Halls.
 21641 | Orc:2    | Reached XP level 13. HP: 61/61 MP: 18/28
 22184 | Orc:2    | Killed Josephine
 22593 | Orc:2    | Found Bas Xidym's Jewellery Emporium.
 22598 | Orc:2    | Found Etoolow's Book Shoppe.
 22806 | Orc:2    | Reached skill level 1 in Unarmed Combat
 22950 | Orc:2    | Killed Saint Roka
 22951 | Orc:2    | Reached skill level 14 in Transmutations
 23342 | Orc:2    | Found Lesad's Antique Weapon Emporium.
 23419 | Orc:2    | Reached skill level 10 in Air Magic
 23482 | Orc:2    | Noticed Erolcha
 23527 | Orc:2    | Learned a level 4 spell: Manifold Assault
 23744 | Orc:2    | Killed Erolcha
 23769 | Orc:2    | Found a radiant altar of Vehumet.
 23774 | Orc:2    | Reached skill level 1 in Translocations
 23799 | Orc:2    | Found Fagagru's Book Shoppe.
 23799 | Orc:2    | Found Coboupp's Magic Scroll Emporium.
 23807 | Orc:2    | Paralysed by an orc sorcerer for 4 turns
 24006 | Orc:2    | Found an ancient bone altar of Kikubaaqudgha.
 24074 | Orc:2    | Bought a book of Spatial Translocations for 216 gold pieces
 24124 | Orc:2    | Bought the amulet of Ru's Righteous Anger {RegenMP rC+ rN+
                  | Str+2} for 576 gold pieces
 24188 | Orc:2    | Bought a scroll of amnesia for 60 gold pieces
 24188 | Orc:2    | Bought a scroll of teleportation for 45 gold pieces
 24188 | Orc:2    | Bought a scroll of teleportation for 45 gold pieces
 24188 | Orc:2    | Bought a scroll of teleportation for 45 gold pieces
 24188 | Orc:2    | Bought a scroll of blinking for 112 gold pieces
 24252 | Orc:2    | Learned a level 2 spell: Wereblood
 24612 | D:4      | Killed Eustachio
 24857 | D:11     | Killed Sonja
 25556 | D:13     | Found a gate to the Vaults.
 25880 | D:14     | Reached XP level 14. HP: 64/66 MP: 18/29
 26253 | D:14     | You are sucked into a shaft and drop 1 floor!
 26253 | D:15     | Entered Level 15 of the Dungeon
 26308 | D:15     | Reached skill level 15 in Transmutations
 26373 | D:15     | HP: 2/66 [centaur warrior/arrow (24)]
 26629 | D:15     | Reached skill level 5 in Translocations
 27063 | D:15     | Found a snail-covered altar of Cheibriados.
 27063 | D:15     | Found an ornate altar of the Wu Jian Council.
 27636 | Lair:3   | Bought a potion of haste for 100 gold pieces
 27636 | Lair:3   | Bought a potion of heal wounds for 50 gold pieces
 27636 | Lair:3   | Bought a potion of haste for 100 gold pieces
 27636 | Lair:3   | Bought a potion of curing for 30 gold pieces
 27638 | Lair:3   | Bought a potion of curing for 60 gold pieces
 27638 | Lair:3   | Bought a potion of curing for 60 gold pieces
 27638 | Lair:3   | Bought a potion of invisibility for 160 gold pieces
 27638 | Lair:3   | Bought a potion of heal wounds for 100 gold pieces
 28175 | D:15     | Found an iron altar of Okawaru.
 28422 | D:15     | Reached skill level 5 in Unarmed Combat
 29142 | Lair:5   | Reached skill level 16 in Transmutations
 29170 | Lair:5   | Found a corrupted altar of Lugonu.
 29170 | Lair:5   | Found a one-way gate to the infinite horrors of the Abyss.
 29265 | Lair:5   | Reached XP level 15. HP: 55/69 MP: 19/30
 29553 | Shoals:1 | Entered Level 1 of the Shoals
 29554 | Shoals:1 | Noticed Roxanne
 29562 | Shoals:1 | Killed from afar by Roxanne
 29563 | Shoals:1 | Reached XP level 14. HP: -18/66 MP: 29/29
 29574 | Shoals:1 | HP: 3/66 [drowned by a water elemental (6)]
 29575 | Shoals:1 | Drowned by a water elemental

Illustrated notes

Levels and vault maps discovered:
D:1:      spicycebolla_arrival_clurvy, layout_rooms, minmay_misc_feat_nine_boxes
D:2:      layout_rooms, uniq_crazy_yiuf_cottage, uniq_natasha
D:3:      layout_loops_ring, mainiacjoe_overflow_alcove_1, fedhas_altar_1
D:4:      layout_loops_ring, kennysheep_mini_moat, uniq_eustachio
D:5:      nicolae_cairo_tiling_large_dashed, layout_loops_cross, kennysheep_mini
D:6:      layout_basic, minmay_temple_entry_statues_fountains,
          hellmonk_bongcloud_opening
D:7:      layout_cave_pools, uniq_menkaure, uniq_prince_ribbit1
D:8:      layout_basic, grunt_dithmenos_smoke_and_mirrors,
          grunt_temple_overflow_opulence, chequers_decorated_corner
D:9:      layout_cave_pools, nicolae_uskayaw_suspiria,
          mainiacjoe_overflow_surrounded_room, serial_shops,
          nicolae_shop_gaudy_bauble
D:10:     layout_roguey, lemuel_round_altar, grunt_temple_overflow_open,
          serial_shops, shop, grunt_decor_junction
D:11:     layout_basic, david_lair_shrubbed, portal_ice_cave_entry_pillars_1,
          lemuel_old_faithful, uniq_sonja
D:12:     layout_roguey, david_orc_1_choice, nicolae_gozag_seed_capital,
          uniq_maurice
D:13:     layout_cross, david_vaults_5
D:14:     layout_irregular_city, serial_glass, glass_columns_c, glass_columns_a,
          minmay_strange_pillars, feat_on_display, item_on_display_a,
          due_unseen_surprise
D:15:     hangedman_slaughterboxes, serial_shops
Temple:   zaba_magenta_temple
Lair:1:   layout_cave_shapes, serial_bayou_ford_a, lemuel_fruit_fields,
          infiniplex_staircase_pool_2
Lair:2:   layout_long_grid, grunt_megastairs_1, serial_bayou_shore_b,
          serial_bayou_shore_a, serial_bayou_shore_b
Lair:3:   minmay_lair_venomous_thicket, layout_gridlike,
          nicolae_shoals_entry_roost, hellmonk_spider_entry_not_the_bees,
          uniq_amaemon
Lair:4:   gammafunk_cloud_chamber, layout_loops_ring, slime_entry_1
Lair:5:   hellmonk_lair_end_abyssal_woods, layout_cave_pods,
          dreamdust_mushroom_princess, kennysheep_rathole
Shoals:1: layout_shoals, serial_shops, nicolae_shop_just_a_little_nook,
          uniq_roxanne
Orc:1:    layout_caves, basic_altar, ebering_ghost_disaster_area, uniq_gastronok
Orc:2:    kennysheep_orc_mage_school, layout_caves, serial_shops, shop,
          nicolae_shop_trees, uniq_josephine, uniq_saint_roka

Skill      XL: |  1  2  3  4  5  6  7  8  9 10 11 12 13 14 |
---------------+-------------------------------------------+-----
Stealth        | 3 |  3.0
Spellcasting   | 3 4 5 7 8 10 | 10.0
Summonings     | 5 6 7 8 9 10 | 10.0
Hexes          | 1 3 4 |  4.0
Air Magic      | 2 7 6 10 12 | 12.0
Dodging        | 5 6 8 11 12 13 | 13.4
Fighting       | 3 4 5 8 10 | 10.1
Transmutations | 5 10 12 14 16 | 16.1
Earth Magic    | 1 |  1.1
Unarmed Combat | 3 5 |  5.3
Translocations | 3 6 |  6.9

Action                     |  1- 3 |  4- 6 |  7- 9 | 10-12 | 13-15 || total
---------------------------+-------+-------+-------+-------+-------++-------
  Melee: Unarmed           |    12 |     2 |     6 |    30 |   265 ||   315
         Bite              |     1 |       |     1 |     3 |     7 ||    12
         Punch             |       |       |       |     1 |    11 ||    12
   Cast: Summon Small Mamm |    24 |     5 |     1 |       |     3 ||    33
         Call Imp          |     8 |    11 |    26 |    13 |     4 ||    62
         Call Canine Famil |     3 |    20 |    53 |    70 |    54 ||   200
         Summon Guardian G |       |     2 |    24 |    84 |    78 ||   188
         Summon Lightning  |       |       |    31 |    98 |   101 ||   230
         Storm Form        |       |       |       |     3 |    73 ||    76
         Manifold Assault  |       |       |       |       |     6 ||     6
         Wereblood         |       |       |       |       |     2 ||     2
         Statue Form       |       |       |       |       |     1 ||     1
 Invoke: Call Merchant     |       |       |       |     2 |     2 ||     4
Ability: Blinkbolt         |       |       |       |     2 |    34 ||    36
         End Transformatio |       |       |       |       |     2 ||     2
  Evoke: Wand              |       |       |     1 |     5 |     1 ||     7
    Use: Scroll            |       |     5 |     9 |    25 |     9 ||    48
         Potion            |       |       |       |     7 |     5 ||    12
   Stab: Sleeping          |     1 |       |       |       |       ||     1
         Distracted        |       |       |     1 |     1 |     5 ||     7
 Armour: Skin              |     2 |       |     4 |    10 |    51 ||    67
  Dodge: Dodged            |    29 |     6 |    35 |   138 |   408 ||   616

Table legend: (Time is in decaauts)
 A = Elapsed time spent in this place.
 B = Non-inter-level travel time spent in this place.
 C = Inter-level travel time spent in this place.
 D = Time resting spent in this place.
 E = Time spent auto-exploring this place.
 F = Levels seen in this place.
 G = Mean time per level.
                   A        B        C        D        E       F      G
               +--------+--------+--------+--------+--------+-----+--------+
         Total |  26442 |  23774 |   2668 |   2672 |  12921 |  24 | 1101.8 |
       Dungeon |  15399 |  13620 |   1779 |   1211 |   7836 |  15 | 1026.6 |
        Temple |     59 |     45 |     14 |      0 |     40 |   1 |   59.0 |
          Lair |   7259 |   6688 |    571 |    683 |   4007 |   5 | 1451.8 |
        Shoals |     18 |     18 |      0 |      0 |      0 |   1 |   18.0 |
  Orcish Mines |   3705 |   3404 |    301 |    777 |   1037 |   2 | 1852.5 |
               +--------+--------+--------+--------+--------+-----+--------+

Top non-repeatable levels by time:
   Orc:2: 2169 daAuts
  Lair:5: 2089 daAuts
    D:12: 1913 daAuts
  Lair:4: 1893 daAuts
    D:15: 1574 daAuts
   Orc:1: 1535 daAuts
     D:6: 1476 daAuts
  Lair:3: 1356 daAuts
    D:11: 1159 daAuts
  Lair:2: 1122 daAuts
     D:4: 1075 daAuts
    D:14: 1024 daAuts
    D:10: 1015 daAuts
     D:8: 930 daAuts
     D:2: 854 daAuts
